 Dungeon Crawl Stone Soup version 0.28-a0-622-gbaef9634d7 (webtiles) character file.

Game seed: 8713939883153490347

501 ytrimaz the Covert (level 6, 0/28 HPs)
             Began as a Spriggan Enchanter on Oct 7, 2021.
             Killed from afar by Blork the orc (4 damage)
             ... with a puff of frost
             ... on level 4 of the Dungeon.
             The game lasted 00:09:34 (5026 turns).

ytrimaz the Covert (Spriggan Enchanter)             Turns: 5026, Time: 00:09:35

Health: 0/28       AC:  3    Str:  4    XL:     6   Next: 95%
Magic:  12/14      EV: 18    Int: 16    God:
Gold:   106        SH:  0    Dex: 18    Spells: 10/15 levels left

rFire   . . .      SeeInvis +   k - +4 dagger (freeze)
rCold   . . .      Faith    .   (shield restricted)
rNeg    . . .      Spirit   .   b - +0 robe
rPois   .          Reflect  .   (helmet restricted)
rElec   .          Harm     .   j - +0 cloak
rCorr   .          Rampage  .   (gloves unavailable)
Will    +....                   (boots unavailable)
Stlth   ++++......              (no amulet)
HPRegen 0.09/turn               (no ring)
MPRegen 0.14/turn               (no ring)

@: very slightly contaminated, very quick
A: very small, no large weapons, unfitting armour, see invisible, speed 3
a: no special abilities


You were on level 4 of the Dungeon.
You visited 1 branch of the dungeon, and saw 4 of its levels.

You collected 106 gold pieces.

Inventory:

Hand Weapons
 a - a +1 dagger
 k - a +4 dagger of freezing (weapon)
Missiles
 g - 23 poisoned darts (quivered)
Armour
 b - a +0 robe (worn)
 j - a +0 cloak (worn)
Jewellery
 h - an amulet of faith
Wands
 d - a wand of paralysis (8)
Scrolls
 e - 2 scrolls of identify
 f - a scroll of teleportation
Potions
 c - 2 potions of invisibility
 i - a potion of mutation {unknown}
 l - a potion of lignification {unknown}
 m - a potion of heal wounds {unknown}


   Skills:
 + Level 3.4 Short Blades
 + Level 3.6 Dodging
 * Level 8.1 Stealth
 * Level 5.1 Spellcasting
 + Level 4.7 Hexes
 - Level 0.2 Ice Magic


You had 10 spell levels left.
You knew the following spells:

 Your Spells              Type           Power      Damage    Failure   Level
a - Ensorcelled Hibernat  Hex/Ice        24%        N/A       9%          2
b - Confusing Touch       Hex            19%        N/A       6%          3

Your spell library contained the following spells:

 Spells                   Type           Power      Damage    Failure   Level
 Tukima's Dance           Hex            19%        N/A       6%          3
 Dazzling Flash           Conj/Hex       22%        N/A       17%         3
 Corpse Rot               Necr/Air       N/A        N/A       22%         2
 Poisonous Vapours        Pois/Air       8%         N/A       22%         2


Dungeon Overview and Level Annotations

Branches:
Dungeon (4/15)
 Temple: D:4-7

Altars:
Cheibriados
Kikubaaqudgha
Okawaru
Ru

Annotations:
D:4 Blork the orc


Innate Abilities, Weirdness & Mutations

You are very small and have problems with some larger weapons.
You are too small for most types of armour.
You have supernaturally acute eyesight. (SInv)
You cover ground extremely quickly. (Speed+++)


Message History

Blork the orc completely misses you. The bullfrog completely misses you.
Blork the orc gestures at you while chanting.
The magic dart hits you!
Blork the orc gestures wildly while chanting.
Blork the orc seems to speed up.
Casting: Ensorcelled Hibernation (safe; 9% risk of failure)
Confirm with . or Enter, or press ? or * to list all spells.
Aiming: Ensorcelled Hibernation (safe; 9% risk of failure)
Press: ? - help, Shift-Dir - straight line, f - bullfrog
Aim: a bullfrog (chance to affect: 42%)
The bullfrog looks drowsy...
The helpless bullfrog fails to defend itself.
You perforate the bullfrog like a sieve!!!
You freeze the bullfrog!
You kill the bullfrog!
Blork the orc hits you from afar with a +2 glaive of pain!
* * * LOW HITPOINT WARNING * * *
You writhe in agony.
* * * LOW HITPOINT WARNING * * *
Your Stealth skill increases to level 8!
Blork the orc screams, "I'm much stronger than you!"
Casting: Ensorcelled Hibernation (safe; 9% risk of failure)
Confirm with . or Enter, or press ? or * to list all spells.
Aiming: Ensorcelled Hibernation (safe; 9% risk of failure)
Press: ? - help, Shift-Dir - straight line, f - Blork the orc
Aim: Blork the orc, wielding a +2 glaive of pain and wearing a +0 robe (lightly wounded, fast, chance to affect: 43%)
You miscast Ensorcelled Hibernation.
You are very lightly contaminated with residual magic.
Nothing appears to happen.
Blork the orc barely misses you.
Blork the orc points at you and mumbles some strange words.
The puff of frost hits you.
* * * LOW HITPOINT WARNING * * *
Things that are here:
a +0 club; 2 boomerangs
Things that are here:
a +0 trident; a +0 leather armour Blork the orc points at you and mumbles some strange words.
The puff of frost hits you.
You die...

####################
...........o..))@..#
#######.##.#######.#
# #.##.# #.# #
####.# #.######### #
#.# #..(...<..# #
#.# #########.#
###### ###.### #.#
..[..# #≈...≈# #.#
####.# #≈...≈#
###########.#


You could see Blork the orc (fast).

Vanquished Creatures
  Sigmund (D:4)
  An ogre (D:4)
  A bullfrog (D:4)
  An orc priest (D:4)
  2 orc wizards (D:4)
  3 adders
  A worm (D:2)
  2 dart slugs
  10 orcs
  5 bats
  A bat zombie (D:4)
  7 endoplasms
  3 giant cockroaches
  3 goblins
  13 hobgoblins
  A quokka (D:1)
  7 ball pythons
  A frilled lizard (D:1)
  4 kobolds
  4 rats
  8 rat zombies (D:4)
79 creatures vanquished.

Vanquished Creatures (others)
  12 plants (D:4)
12 creatures vanquished.

Grand Total: 91 creatures vanquished

Notes
Turn   | Place    | Note
-------+----------+-------------------------------------------
     0 | D:1      | ytrimaz the Spriggan Enchanter began the quest for the Orb.
     0 | D:1      | Reached XP level 1. HP: 9/9 MP: 5/5
   314 | D:1      | Reached skill level 5 in Stealth
   314 | D:1      | Reached XP level 2. HP: 11/13 MP: 6/6
  1302 | D:1      | Learned a level 2 spell: Ensorcelled Hibernation
  1849 | D:2      | Reached XP level 3. HP: 11/16 MP: 8/8
  2441 | D:2      | Learned a level 3 spell: Confusing Touch
  2474 | D:2      | Found a snail-covered altar of Cheibriados.
  2925 | D:2      | Found a faded altar of an unknown god.
  3114 | D:3      | Reached skill level 6 in Stealth
  3253 | D:3      | Found an iron altar of Okawaru.
  3642 | D:3      | Reached XP level 4. HP: 12/21 MP: 1/9
  4282 | D:4      | Found a sacrificial altar of Ru.
  4312 | D:4      | Reached XP level 5. HP: 16/24 MP: 11/11
  4316 | D:4      | Noticed an ogre
  4360 | D:4      | Killed an ogre
  4361 | D:4      | Reached skill level 7 in Stealth
  4626 | D:4      | Reached XP level 6. HP: 24/28 MP: 8/13
  4679 | D:4      | Noticed Sigmund
  4703 | D:4      | Killed Sigmund
  4902 | D:4      | Reached skill level 5 in Spellcasting
  4931 | D:4      | Found an ancient bone altar of Kikubaaqudgha.
  4987 | D:4      | Noticed Blork the orc
  5007 | D:4      | Reached skill level 8 in Stealth
  5026 | D:4      | Killed from afar by Blork the orc

Illustrated notes

Levels and vault maps discovered:
D:1:      minmay_arrival_plants_in_alcoves, layout_basic, roderic_lattice_a,
          minmay_misc_feat_roman
D:2:      layout_loops_ring, basic_altar, shapermc_ecumenical_altar_hornbeckon
D:3:      layout_rooms, mainiacjoe_overflow_paths
D:4:      cheibrodos_helix_gallery, layout_loops_ring,
          nemelex_diamond_rough_becter, mainiacjoe_overflow_cross_hatched,
          lemuel_zombie_altar_kikubaaqudgha, uniq_sigmund, uniq_blork_the_orc

Skill      XL: |  1  2  3  4  5  6 |
---------------+-------------------+-----
Stealth        | 5 6 7 8 |  8.1
Spellcasting   | 3 4 5 |  5.1
Hexes          | 4 |  4.7
Short Blades   | 2 3 |  3.4
Dodging        | 3 |  3.6
Ice Magic      | |  0.2

Action                   |  1- 3 |  4- 6 || total
-------------------------+-------+-------++-------
Melee: Dagger            |   133 |   146 ||   279
Throw: Boomerang         |     4 |       ||     4
 Cast: Ensorcelled Hiber |    20 |     9 ||    29
       Confusing Touch   |     3 |     5 ||     8
  Use: Scroll            |     5 |       ||     5
 Stab: Sleeping          |    16 |     4 ||    20
       Confused          |     2 |     6 ||     8
       Distracted        |     1 |       ||     1
       Fleeing           |     1 |       ||     1
Armor: Robe              |     9 |    13 ||    22
Dodge: Dodged            |    90 |    95 ||   185

Table legend: (Time is in decaauts)
 A = Elapsed time spent in this place.
 B = Non-inter-level travel time spent in this place.
 C = Inter-level travel time spent in this place.
 D = Time resting spent in this place.
 E = Time spent auto-exploring this place.
 F = Levels seen in this place.
 G = Mean time per level.
                   A        B        C        D        E       F      G
               +--------+--------+--------+--------+--------+-----+--------+
         Total |   3964 |   3887 |     77 |    937 |   2120 |   4 |  991.0 |
       Dungeon |   3964 |   3887 |     77 |    937 |   2120 |   4 |  991.0 |
               +--------+--------+--------+--------+--------+-----+--------+

Top non-repeatable levels by time:
     D:1: 1395 daAuts
     D:2: 1072 daAuts
     D:3: 767 daAuts
     D:4: 728 daAuts
